 Dungeon Crawl Stone Soup version 0.23.0 (webtiles) character file.

Game seed: 8975210620481515907

8 fartymcfart the Magician (level 2, 22/22 HPs)
             Began as a Demonspawn Wanderer on Feb 14, 2019.
             Quit the game on level 1 of the Dungeon.
             The game lasted 00:01:05 (343 turns).

fartymcfart the Magician (Demonspawn Wanderer)       Turns: 343, Time: 00:01:06

Health: 22/22      AC:  2    Str: 11    XL:     2   Next: 0%
Magic:  0/5        EV: 11    Int: 17    God:
Gold:   0          SH:  0    Dex:  9    Spells: 4/5 levels left

rFire    . . .     SeeInvis .   b - +0 spear
rCold    . . .     Gourm    .   (no shield)
rNeg     . . .     Faith    .   d - +0 robe
rPois    .         Spirit   +   (no helmet)
rElec    .         Reflect  .   (no cloak)
rCorr    .         Harm     .   (no gloves)
MR       .....                  (no boots)
Stlth    +.........             (no amulet)
HPRegen  0.07/turn              (no ring)
MPRegen  0.09/turn              (no ring)

@: no status effects
A: magic shield
a: no special abilities


You were on level 1 of the Dungeon.
You were not hungry.

You visited 1 branch of the dungeon, and saw 1 of its levels.

Inventory:

Hand Weapons
 b - a +0 spear (weapon)
Armour
 d - a +0 robe (worn)
Scrolls
 a - a scroll of enchant weapon {unknown}
 c - a scroll of teleportation
Comestibles
 f - a ration


   Skills:
 - Level 2.0 Fighting
 - Level 1.0 Polearms
 - Level 1.0 Throwing
   Level 1.0 Shields
 + Level 2.3 Spellcasting
 + Level 1.5 Conjurations
   Level 1.7 Earth Magic


You had 4 spell levels left.
You knew the following spells:

 Your Spells              Type           Power        Failure   Level  Hunger
a - Magic Dart            Conj           #...         10%         1    #......

Your spell library contained the following spells:

 Spells                   Type           Power        Failure   Level  Hunger
 Searing Ray              Conj           #.....       14%         2    ###....
 Dazzling Spray           Conj/Hex       #.....       38%         3    ###....
 Iskenderun's Mystic Bla  Conj           #.......     67%         4    #####..
 Force Lance              Conj/Tloc      #.......     80%         4    #####..
 Fulminant Prism          Conj/Hex       #.........   80%         4    #####..


Dungeon Overview and Level Annotations

Branches:
Dungeon (1/15)

Altars:


Innate Abilities, Weirdness & Mutations

When hurt, damage is shared between your health and your magic reserves.


Message History

You kill the bat!
Casting: Magic Dart (safe; 10% risk of failure)
Confirm with . or Enter, or press ? or * to list all spells.
You can't see any susceptible monsters within range! (Use Z to cast anyway.)
Found a ring mail.
A frilled lizard and a goblin come into view.
The frilled lizard hisses angrily.
The goblin moves out of view.
The frilled lizard moves out of view.
The frilled lizard is too close now for your liking.
Casting: Magic Dart (safe; 10% risk of failure)
Confirm with . or Enter, or press ? or * to list all spells.
Aiming: Magic Dart (safe; 10% risk of failure)
Press: ? - help, Shift-Dir - straight line, f - frilled lizard
Aim: a frilled lizard The magic dart hits the frilled lizard.
You kill the frilled lizard!
You have reached level 2!
Your demonic ancestry asserts itself...
You feel your magical essence form a protective shroud around your flesh.
Are you sure you want to abandon this character and quit the game? (Confirm with "yes".)

.######... .........# #
#. #....##..# .. ..#
#....#.>.# [.. #.#
#....#...# g... #.#
#....#...# ..... †###.#
#....#...#......
..##.####.......@.......
..##.............#.####.
..##..###.#.##.†.#.##
..##..###.............
......................
.................#...#
.................#.###
...................†
..#.......##.#...#.#.


You could see a goblin.

Vanquished Creatures
  A leopard gecko (D:1)
  A goblin (D:1)
  A hobgoblin (D:1)
  3 bats (D:1)
  A frilled lizard (D:1)
  A kobold (D:1)
8 creatures vanquished.

Notes
Turn   | Place    | Note
-------+----------+-------------------------------------------
     0 | D:1      | fartymcfart the Demonspawn Wanderer began the quest for the
                  | Orb.
     0 | D:1      | fartymcfart set off with the following items: a +0 spear, a
                  | scroll of teleportation, a +0 robe, a ration; and the
                  | following spell memorised: Magic Dart; and the following
                  | spells available to memorise: Searing Ray, Dazzling Spray,
                  | Iskenderun's Mystic Blast, Force Lance, Fulminant Prism
     0 | D:1      | Reached XP level 1. HP: 16/16 MP: 3/3
   342 | D:1      | Gained mutation: When hurt, damage is shared between your
                  | health and your magic reserves. [demonic ancestry]
   342 | D:1      | Reached XP level 2. HP: 22/22 MP: 0/5
   343 | D:1      | Quit the game

Action                   || total
-------------------------++-------
Melee: Spear             ||     8
 Cast: Magic Dart        ||    14
Armor: Robe              ||     1
Dodge: Dodged            ||     1
